 Dungeon Crawl Stone Soup version 0.28-a0-1545-g945cd3f27e (webtiles) character file.

Game seed: 8800966352012763977

623 BritishOli the Ducker (level 7, 0/54 HPs)
             Began as a Demonspawn Gladiator on Jan 18, 2022.
             Slain by Blork the orc (2 damage)
             ... on level 4 of the Dungeon.
             The game lasted 00:03:12 (4513 turns).

BritishOli the Ducker (Demonspawn Gladiator)        Turns: 4513, Time: 00:03:12

Health: 0/54       AC:  6    Str: 16    XL:     7   Next: 22%
Magic:  7/7        EV: 13    Int:  9    God:
Gold:   164        SH:  0    Dex: 15    Spells: 6/6 levels left

rFire   . . .      SeeInvis .   a - +0 war axe
rCold   . . .      Faith    .   (no shield)
rNeg    . . .      Spirit   .   b - +0 leather armour
rPois   .          Reflect  .   c - +0 helmet
rElec   .          Harm     .   (no cloak)
rCorr   .          Rampage  .   (no gloves)
Will    .....                   (no boots)
Stlth   +.........              (no amulet)
HPRegen 0.18/turn               (no ring)
MPRegen 0.20/turn               (no ring)

@: no status effects
A: claws 1, molten scales 1, magic regeneration
a: no special abilities


You were on level 4 of the Dungeon.
You visited 1 branch of the dungeon, and saw 4 of its levels.
You also visited: Sewer.

You collected 164 gold pieces.

Inventory:

Hand Weapons
 a - a +0 war axe (weapon)
Missiles
 d - 4 throwing nets (quivered)
 n - 6 javelins
Armour
 b - a +0 leather armour (worn)
 c - a +0 helmet (worn)
Jewellery
 o - an amulet of faith
Wands
 v - a wand of polymorph (12)
Scrolls
 e - 4 scrolls of identify {unknown}
 i - a scroll of immolation {unknown}
 l - 2 scrolls of summoning {unknown}
 m - a scroll of blinking
 p - a scroll of holy word {unknown}
 q - a scroll of enchant weapon {unknown}
 r - a scroll of vulnerability {unknown}
 w - a scroll of teleportation {unknown}
Potions
 f - a potion of might {unknown}
 g - a potion of haste {unknown}
 h - 3 potions of curing {unknown}
 j - 2 potions of degeneration {unknown}
 k - a potion of lignification {unknown}
 s - a potion of invisibility {unknown}
 t - a potion of mutation {unknown}
 u - a potion of heal wounds {unknown}
 x - a potion of ambrosia {unknown}


   Skills:
 + Level 4.3 Fighting
 + Level 4.4 Axes
 + Level 3.9 Throwing
 + Level 4.4 Dodging


You had 6 spell levels left.
You didn't know any spells.
Your spell library contained the following spells:

 Spells                   Type           Power      Damage    Failure   Level
 Corpse Rot               Necr/Air       0%         N/A       58%         2
 Poisonous Vapours        Pois/Air       0%         N/A       58%         2
 Gell's Gravitas          Tloc           0%         N/A       83%         3
 Teleport Other           Tloc           0%         N/A       83%         3
 Freezing Cloud           Conj/Ice/Air   0%         6-21      100%        5
 Dispersal                Tloc           0%         N/A       100%        6
 Simulacrum               Ice/Necr       0%         N/A       100%        6
 Polar Vortex             Ice            0%         N/A       100%        9


Dungeon Overview and Level Annotations

Branches:
Dungeon (4/15)              Sewer (visited)
 Temple: D:4-7

Altars:
Elyvilon
Makhleb

Shops:
D:2 (

Annotations:
D:4 Blork the orc


Innate Abilities, Weirdness & Mutations

You have sharp fingernails.
You are partially covered in molten scales. (AC +2)
You regenerate magic rapidly.


Message History

You hit Blork the orc.
Blork the orc is heavily wounded.
Blork the orc hits you with a +1 trident of freezing.
Blork the orc freezes you.
Blork the orc is nearby!
You completely miss Blork the orc.
Blork the orc is heavily wounded.
Blork the orc looks braver for a moment.
You hit Blork the orc.
Blork the orc is heavily wounded.
Blork the orc mumbles some strange words.
Blork the orc seems to speed up.
You closely miss Blork the orc.
Blork the orc is heavily wounded.
Blork the orc closely misses you.
Blork the orc hits you with a +1 trident of freezing.
Blork the orc freezes you.
Blork the orc begins to cast a cantrip, but forgets the words!
Blork the orc hits you but does no damage.
Blork the orc hits you with a +1 trident of freezing.
Blork the orc freezes you.
Blork the orc hits you with a +1 trident of freezing.
Blork the orc freezes you.
Blork the orc hits you with a +1 trident of freezing!
Blork the orc freezes you.
* * * LOW HITPOINT WARNING * * *
Blork the orc closely misses you.
Blork the orc hits you but does no damage.
Blork the orc screams, "I'll decorate my home with your organs!"
Blork the orc casts a spell at you. The magic dart hits you!
* * * LOW HITPOINT WARNING * * *
Blork the orc hits you with a +1 trident of freezing.
* * * LOW HITPOINT WARNING * * *
Blork the orc freezes you.
* * * LOW HITPOINT WARNING * * *
Blork the orc hits you with a +1 trident of freezing.
* * * LOW HITPOINT WARNING * * *
Blork the orc freezes you.
You die...

......... ##..##
........ #....##
#...>... ##.....###
#....... #........##
#....... ##.........##
#.......
#...........####.......
#....o......#.........)
#.....@........#.......
#............####......
#...........## ###....
#............# ####.
..........$.## #.
######..##### ## ####


You could see Blork the orc (fast).

Vanquished Creatures
  Sigmund (D:2)
  2 bullfrogs (Sewer)
  A scorpion (D:4)
  An orc priest (D:3)
  A centaur skeleton (D:4)
  Jessica (D:2)
  An orc wizard (D:3)
  A river rat (D:3)
  4 adders
  An ufetubus (D:3)
  2 worms
  5 orcs (D:3)
  9 endoplasms
  16 giant cockroaches
  3 goblins
  3 hobgoblins
  7 jackals
  10 quokkas
  14 ball pythons
  6 bats
  8 frilled lizards
  3 kobolds
  9 rats
109 creatures vanquished.

Notes
Turn   | Place    | Note
-------+----------+-------------------------------------------
     0 | D:1      | BritishOli the Demonspawn Gladiator began the quest for the
                  | Orb.
     0 | D:1      | Reached XP level 1. HP: 16/16 MP: 1/1
   151 | D:1      | Gained mutation: You are partially covered in molten
                  | scales. (AC +2) [demonic ancestry]
   151 | D:1      | Reached XP level 2. HP: 7/22 MP: 2/2
   941 | D:2      | Reached XP level 3. HP: 23/28 MP: 3/3
  1166 | D:2      | Found Sackiockeu's Antique Weapon Shop.
  1470 | D:2      | Noticed Jessica
  1474 | D:2      | Killed Jessica
  1475 | D:2      | Gained mutation: You have sharp fingernails. [demonic
                  | ancestry]
  1475 | D:2      | Reached XP level 4. HP: 34/34 MP: 4/4
  1554 | D:2      | Noticed Sigmund
  1567 | D:2      | Killed Sigmund
  1568 | D:2      | Reached XP level 5. HP: 8/41 MP: 5/5
  2313 | D:3      | Found a faded altar of an unknown god.
  2380 | D:3      | Found a glowing drain.
  2390 | Sewer    | Entered a sewer
  2601 | Sewer    | Reached XP level 6. HP: 40/47 MP: 6/6
  3613 | D:3      | Found a burning altar of Makhleb.
  3641 | D:3      | Gained mutation: You regenerate magic rapidly. [demonic
                  | ancestry]
  3641 | D:3      | Reached XP level 7. HP: 6/54 MP: 7/7
  4498 | D:4      | Noticed Blork the orc
  4513 | D:4      | HP: 2/54 [Blork the orc (3)]
  4513 | D:4      | Slain by Blork the orc

Illustrated notes

Levels and vault maps discovered:
D:1:      lightli_arrival_chessboard, layout_basic
D:2:      layout_loops_ring, serial_shops, nicolae_square_shop, uniq_sigmund,
          uniq_jessica
D:3:      minmay_inner_zag, layout_basic,
          chequers_temple_overflow_statue_of_worship,
          hellmonk_ecumenical_altar_slurped_away, portal_sewer_entry_a
D:4:      layout_cave_pods, uniq_duvessa, uniq_blork_the_orc

Skill      XL: |  1  2  3  4  5  6 |
---------------+-------------------+-----
Throwing       | 2 3 |  3.9
Dodging        | 3 4 |  4.4
Axes           | 3 4 |  4.4
Fighting       | 3 4 |  4.3

Action                   |  1- 3 |  4- 6 |  7- 9 || total
-------------------------+-------+-------+-------++-------
Melee: War axe           |    84 |   182 |    24 ||   290
       Punch             |       |       |     1 ||     1
 Stab: Sleeping          |       |     1 |       ||     1
Armor: Leather armour    |    32 |   108 |    18 ||   158
Dodge: Dodged            |    58 |   251 |    24 ||   333

Table legend: (Time is in decaauts)
 A = Elapsed time spent in this place.
 B = Non-inter-level travel time spent in this place.
 C = Inter-level travel time spent in this place.
 D = Time resting spent in this place.
 E = Time spent auto-exploring this place.
 F = Levels seen in this place.
 G = Mean time per level.
                   A        B        C        D        E       F      G
               +--------+--------+--------+--------+--------+-----+--------+
         Total |   4681 |   4619 |     62 |    910 |   2851 |   5 |  936.2 |
       Dungeon |   4013 |   3951 |     62 |    910 |   2477 |   4 | 1003.2 |
         Sewer |    668 |    668 |      0 |      0 |    374 |   1 |  668.0 |
               +--------+--------+--------+--------+--------+-----+--------+

Top non-repeatable levels by time:
     D:2: 1386 daAuts
     D:3: 1303 daAuts
     D:1: 803 daAuts
   Sewer: 668 daAuts
     D:4: 519 daAuts
